 Dungeon Crawl Stone Soup version 0.31-a0-4-gefa6de2278 (webtiles) character file.

Game seed: 18050838756391140452

22 subawu the Conjurer (level 2, 0/20 HPs)
             Began as a Draconian Conjurer on May 4, 2023.
             Frozen to death by an endoplasm (4 damage)
             ... on level 1 of the Dungeon.
             The game lasted 00:03:13 (407 turns).

subawu the Conjurer (Draconian Conjurer)             Turns: 407, Time: 00:03:14

Health: 0/20       AC:  4    Str:  9    XL:     2   Next: 68%
Magic:  4/5        EV: 12    Int: 18    God:
Gold:   7          SH:  0    Dex:  9    Spells: 4/5 levels left

rFire   . . .        d - +0 hand axe
rCold   . . .        (no shield)
rNeg    . . .        (body armour unavailable)
rPois   .            (helmet restricted)
rElec   .            (no cloak)
rCorr   .            (no gloves)
SInv    .            (no boots)
Will    .....        (no amulet)
Stlth   ++           (no ring)
HPRegen 0.23/turn    (no ring)
MPRegen 0.09/turn

%: no passive effects
@: slowed, very slow
A: AC +4, unfitting armour, cold-blooded
a: no special abilities


You were on level 1 of the Dungeon.
You visited 1 branch of the dungeon, and saw 1 of its levels.

You collected 7 gold pieces.

Inventory:

Hand Weapons
 d - a +0 hand axe (weapon)
 e - a +0 club
Missiles
 c - 3 stones
 f - 3 javelins (quivered)


   Skills:
 + Level 0.2 Fighting
 + Level 0.2 Axes
 + Level 2.1 Dodging
 + Level 1.8 Stealth
 + Level 0.1 Unarmed Combat
 + Level 2.0 Spellcasting
 + Level 4.5 Conjurations


You had 4 spell levels left.
You knew the following spells:

 Your Spells              Type           Power      Damage    Failure   Level
a - Magic Dart            Conj           72%        1d6       2%          1

Your spell library contained the following spells:

 Spells                   Type           Power      Damage    Failure   Level
 Searing Ray              Conj           36%        2d5       4%          2
 Dazzling Flash           Conj/Hex       18%        N/A       22%         3
 Fulminant Prism          Conj/Hex       4%         3d5       56%         4
 Iskenderun's Mystic Bla  Conj/Tloc      9%         2d4       56%         4


Dungeon Overview and Level Annotations

Branches:
Dungeon (1/15)

Altars:


Innate Abilities, Weirdness & Mutations

Your plain brown scales are hard. (AC +4)
You cannot fit into any form of body armour.
You are cold-blooded and may be slowed by cold attacks.


Message History

You hit the quokka but do no damage. The bat hits you but does no damage.
The bat barely misses you.
The endoplasm hits you but does no damage.
The quokka bites you but does no damage.
The bat hits you but does no damage. The dart slug barely misses you.
The endoplasm closely misses you. The rat closely misses you.
Casting: Magic Dart (safe; 2% risk of failure)
Confirm with . or Enter, or press ? or * to list all spells.
Aiming: Magic Dart (safe; 2% risk of failure)
Press: ? - help, Shift-Dir - straight line, f - dart slug
Aim: a dart slug (moderately wounded, 100% to hit)
The magic dart hits the dart slug.
The dart slug is heavily wounded.
The bat hits you but does no damage. The quokka bites you.
The ball python barely misses you. The ball python completely misses you.
The endoplasm hits you but does no damage.
The rat closely misses you. The dart slug launches a dart at you.
The slug dart misses you.
The slug dart hits the ball python.
The ball python dies!
You hit the dart slug.
You kill the dart slug!
You hit the bat. You hit the rat. You hit the quokka. You hit the endoplasm.
The bat hits you but does no damage. The quokka barely misses you.
The rat closely misses you. The endoplasm freezes you.
You are frozen.
* * * LOW HITPOINT WARNING * * *
You feel yourself slow down.
The quokka bites you but does no damage.
You barely miss the bat.
The bat is severely wounded.
You closely miss the rat. You closely miss the quokka. You hit the endoplasm.
The bat closely misses you. x2
The quokka bites you but does no damage.
The rat barely misses you. The endoplasm misses you.
The quokka bites you but does no damage.
The endoplasm freezes you.
You are frozen.
You die...

.... ....
#........#... ....
#............ ...#
.#.?..........
...#
..#..!..)......
..#
.##............
..##
..##............
...# ###.#
#....rJ...... ...#
#... #...)@†......
...###.#
###.)r.......
.......#
#...b...#...
...#...##
#.#..#### #
..##.#..# #.#..#
.###.##.#####.#..#
####.##..##...#..#
###..###....###.##
..._.######## .#


You could see an endoplasm, a quokka, a bat and a rat.

Vanquished Creatures
  4 dart slugs (D:1)
  2 endoplasms (D:1)
  3 goblins (D:1)
  3 ball pythons (D:1)
  2 bats (D:1)
14 creatures vanquished.

Vanquished Creatures (others)
  A ball python (D:1)
1 creature vanquished.

Grand Total: 15 creatures vanquished

Notes
Turn   | Place    | Note
-------+----------+-------------------------------------------
     0 | D:1      | subawu the Draconian Conjurer began the quest for the Orb.
     0 | D:1      | Reached XP level 1. HP: 14/14 MP: 3/3
   251 | D:1      | Reached XP level 2. HP: 16/20 MP: 5/5
   305 | D:1      | Found a faded altar of an unknown god.
   407 | D:1      | Frozen to death by an endoplasm

Illustrated notes

Levels and vault maps discovered:
D:1:      sevenhm_arrival_forest_fort_small_6, layout_rooms,
          basic_ecumenical_altar

Skill      XL: |  1  2 |
---------------+-------+-----
Dodging        | 2 |  2.1
Fighting       | |  0.2
Axes           | |  0.2
Stealth        | |  1.8
Unarmed Combat | |  0.1
Spellcasting   | |  2.0
Conjurations   | |  4.5

Action                     || total
---------------------------++-------
  Melee: Unarmed           ||    14
         Hand axe          ||    24
         Tailslap          ||     5
  Throw: Stone             ||     1
   Cast: Magic Dart        ||     6
    Use: Potion            ||     2
         Scroll            ||     1
   Stab: Sleeping          ||     1
 Armour: Skin              ||    40
  Dodge: Dodged            ||    70

Table legend: (Time is in decaauts)
 A = Elapsed time spent in this place.
 B = Non-inter-level travel time spent in this place.
 C = Inter-level travel time spent in this place.
 D = Time resting spent in this place.
 E = Time spent auto-exploring this place.
 F = Levels seen in this place.
 G = Mean time per level.
                   A        B        C        D        E       F      G
               +--------+--------+--------+--------+--------+-----+--------+
         Total |    419 |    419 |      0 |     76 |      0 |   1 |  419.0 |
       Dungeon |    419 |    419 |      0 |     76 |      0 |   1 |  419.0 |
               +--------+--------+--------+--------+--------+-----+--------+

Top non-repeatable levels by time:
     D:1: 419 daAuts
